 Dungeon Crawl Stone Soup version 0.30-a0-54-g2e61a25929 (webtiles) character file.

Game seed: 17069133460906335001

491 pascalblue the Firebug (level 6, -5/33 HPs)
             Began as a Deep Elf Fire Elementalist on Sept 8, 2022.
             Slain by Pikel
             ... wielding a +0 whip of flaming
              (11 damage)
             ... on level 4 of the Dungeon.
             The game lasted 00:13:22 (3530 turns).

pascalblue the Firebug (Deep Elf Fire Elementalist) Turns: 3530, Time: 00:13:22

Health: -5/33      AC:  3    Str:  0    XL:     6   Next: 91%
Magic:  19/24      EV: 12    Int: 22    God:
Gold:   75         SH:  0    Dex: 15    Spells: 4/14 levels left

rFire   . . .      SeeInvis .    n - +9 whip of Hurtling Peril {vorpal, rPois rC+++ MP+9 Str-5}
rCold   + + +      Faith    .    (no shield)
rNeg    + . .      Spirit   .    a - +1 robe
rPois   +          Reflect  .    (no helmet)
rElec   .          Harm     .    (no cloak)
rCorr   .          Rampage  .    (no gloves)
Will    .....                    (no boots)
Stlth   ++........               (no amulet)
HPRegen 0.00/turn                l - ring of positive energy
MPRegen 0.19/turn                (no ring)

@: about to teleport, inhibited regen, slowed, lost strength, very slow
A: no striking features
a: no special abilities


You were on level 4 of the Dungeon.
You visited 1 branch of the dungeon, and saw 4 of its levels.

You collected 75 gold pieces.

Inventory:

Hand Weapons
 d - a +0 short sword
 g - a +1 short sword of venom
 j - a +0 vorpal hand axe
 n - the +9 whip of Hurtling Peril (weapon) {vorpal, rPois rC+++ MP+9 Str-5}
   (You found it on level 3 of the Dungeon)

   It inflicts extra damage upon your enemies.
   Str:       It affects your strength (-5).
   rC:        It renders you almost immune to cold.
   rPois:     It protects you from poison.
   MP:        It affects your magic capacity (+9).
 p - a +4 quarterstaff of chaos
Missiles
 m - 4 poisoned darts
Armour
 a - a +1 robe (worn)
Jewellery
 f - a ring of protection from fire
 k - a +4 ring of evasion
 l - a ring of positive energy (left hand)
Scrolls
 e - a scroll of vulnerability
 o - a scroll of enchant armour
Potions
 b - 2 potions of magic
 h - a potion of attraction {unknown}
 i - 5 potions of curing


   Skills:
 + Level 0.6 Fighting
 - Level 2.4 Dodging
 - Level 2.4 Stealth
 + Level 4.8 Spellcasting
 * Level 4.1 Conjurations
 * Level 2.8 Hexes
 * Level 6.1 Fire Magic


You had 4 spell levels left.
You knew the following spells:

 Your Spells              Type           Power      Damage    Failure   Level
a - Foxfire               Conj/Fire      100%       2x1d9     1%          1
b - Scorch                Fire           64%        2d8       1%          2
c - Tukima's Dance        Hex            17%        N/A       10%         3
d - Flame Wave            Conj/Fire      28%        2d9       12%         4

Your spell library contained the following spells:

 Spells                   Type           Power      Damage    Failure   Level
 Magic Dart               Conj           92%        1d7       1%          1
 Conjure Flame            Conj/Fire      28%        6-21      3%          3
 Inner Flame              Hex/Fire       25%        N/A       4%          3
 Call Imp                 Summ           5%         N/A       16%         2
 Mephitic Cloud           Conj/Pois/Air  11%        N/A       17%         3
 Passage of Golubria      Tloc           5%         N/A       71%         4
 Yara's Violent Unravell  Hex/Tmut       5%         3d4       85%         5


Dungeon Overview and Level Annotations

Branches:
Dungeon (4/15)
 Temple: D:4-7

Altars:

Annotations:
D:4 Pikel


Message History

The foxfire hits the hobgoblin but does no damage.
The foxfire hits the hobgoblin!
You kill the hobgoblin!
An iguana comes into view.
Casting: Foxfire (safe; 1% risk of failure)
Confirm with . or Enter, or press ? or * to list all spells.
You conjure some foxfire!
The foxfire hits the iguana!
The iguana is heavily wounded.
The foxfire hits the iguana but does no damage.
The iguana is heavily wounded.
Casting: Foxfire (safe; 1% risk of failure)
Confirm with . or Enter, or press ? or * to list all spells.
You conjure some foxfire!
The foxfire hits the iguana but does no damage.
The iguana is heavily wounded.
The foxfire hits the iguana but does no damage.
The iguana is heavily wounded.
Casting: Foxfire (safe; 1% risk of failure)
Confirm with . or Enter, or press ? or * to list all spells.
You conjure some foxfire!
The iguana barely misses you.
The foxfire hits the iguana.
The iguana is heavily wounded.
The foxfire hits the iguana!
The iguana is almost dead.
Casting: Foxfire (safe; 1% risk of failure)
Confirm with . or Enter, or press ? or * to list all spells.
Flames lash the iguana.
You kill the iguana!
You start resting.
Pikel, Merchant of Souls comes into view.
He is wielding a +0 whip of flaming.
Pikel moves out of view.
You start resting.
Pikel is nearby!
As you read the scroll of teleportation, it crumbles to dust.
You feel strangely unstable.
Pikel shouts!
You hear a shout!
Pikel attacks as you move away!
Pikel hits you with a +0 whip of flaming!
You die...

#.. #.# #.# ###
##+###?# #
#...##...##.###.#
♣....♣....$...#
#...##..#####.#
##'##.K.......#
##.##@..######
#...#...#
#.♣.###.# #.).#
#.# ##<## #.# ###
#.# #.# #.# #..


You could see Pikel.

Vanquished Creatures
  Sigmund (D:3)
  2 lemures (D:4)
  A phantom (D:3)
  A jelly (D:3)
  An orc priest (D:3)
  Crazy Yiuf (D:3)
  Terence (D:3)
  An iguana (D:4)
  4 adders
  A dart slug (D:1)
  3 worms
  8 orcs (D:3)
  5 ball pythons
  7 endoplasms
  A giant cockroach (D:3)
  4 goblins
  9 hobgoblins
  4 jackals (D:2)
  2 kobolds
  4 quokkas
  4 bats
  3 frilled lizards (D:1)
  6 rats
74 creatures vanquished.

Vanquished Creatures (others)
  228 foxfires
  4 fungi (D:3)
  A plant (D:1)
233 creatures vanquished.

Grand Total: 307 creatures vanquished

Notes
Turn   | Place    | Note
-------+----------+-------------------------------------------
     0 | D:1      | pascalblue the Deep Elf Fire Elementalist began the quest
                  | for the Orb.
     0 | D:1      | Reached XP level 1. HP: 10/10 MP: 6/6
   187 | D:1      | Reached XP level 2. HP: 15/15 MP: 6/8
   335 | D:1      | Reached skill level 4 in Fire Magic
   505 | D:1      | Learned a level 2 spell: Scorch
   629 | D:1      | Found a faded altar of an unknown god.
  1150 | D:2      | Reached XP level 3. HP: 19/19 MP: 7/9
  1154 | D:2      | Learned a level 3 spell: Tukima's Dance
  1976 | D:2      | Reached XP level 4. HP: 24/24 MP: 8/11
  2285 | D:3      | Noticed Sigmund
  2378 | D:3      | Learned a level 4 spell: Flame Wave
  2396 | D:3      | Noticed a phantom
  2412 | D:3      | Reached skill level 1 in Hexes
  2414 | D:3      | Killed a phantom
  2415 | D:3      | Reached skill level 5 in Fire Magic
  2415 | D:3      | Reached XP level 5. HP: 17/28 MP: 5/12
  2772 | D:3      | Identified the +9 whip of Hurtling Peril {vorpal, rPois
                  | rC+++ MP+9 Str-5}
  2774 | D:3      | Lost strength.
  2942 | D:3      | Killed Sigmund
  2943 | D:3      | Reached XP level 6. HP: 18/33 MP: 14/14
  3284 | D:3      | Noticed Terence
  3290 | D:3      | Killed Terence
  3291 | D:3      | Reached skill level 6 in Fire Magic
  3425 | D:3      | Found a runed translucent door.
  3426 | D:3      | Noticed Crazy Yiuf
  3431 | D:3      | Killed Crazy Yiuf
  3522 | D:4      | Noticed Pikel
  3530 | D:4      | Slain by Pikel

Illustrated notes

Levels and vault maps discovered:
D:1:      pf_arrival_petrified_forest, layout_basic,
          shapermc_ecumenical_altar_mp_ritualfount, serial_park_tiny_pond
D:2:      wad_pebble_path, layout_basic
D:3:      layout_rooms, uniq_crazy_yiuf_cottage, uniq_sigmund, uniq_terence
D:4:      layout_loops_ring, grunt_temple_overflow_holy_war, grunt_ministairs_5,
          uniq_pikel

Skill      XL: |  1  2  3  4  5  6 |
---------------+-------------------+-----
Fire Magic     | 4 5 6 |  6.1
Conjurations   | 2 3 4 |  4.1
Hexes          | 1 2 |  2.8
Spellcasting   | 4 |  4.8
Fighting       | |  0.6
Dodging        | |  2.4
Stealth        | |  2.4

Action                   |  1- 3 |  4- 6 || total
-------------------------+-------+-------++-------
Melee: Short sword       |    12 |       ||    12
       Whip              |       |     1 ||     1
 Cast: Foxfire           |    54 |    74 ||   128
       Scorch            |       |     4 ||     4
  Use: Scroll            |     2 |     6 ||     8
 Stab: Sleeping          |     1 |       ||     1
Armor: Robe              |    16 |    10 ||    26
Dodge: Dodged            |    29 |    25 ||    54

Table legend: (Time is in decaauts)
 A = Elapsed time spent in this place.
 B = Non-inter-level travel time spent in this place.
 C = Inter-level travel time spent in this place.
 D = Time resting spent in this place.
 E = Time spent auto-exploring this place.
 F = Levels seen in this place.
 G = Mean time per level.
                   A        B        C        D        E       F      G
               +--------+--------+--------+--------+--------+-----+--------+
         Total |   3904 |   3785 |    119 |    796 |   2156 |   4 |  976.0 |
       Dungeon |   3904 |   3785 |    119 |    796 |   2156 |   4 |  976.0 |
               +--------+--------+--------+--------+--------+-----+--------+

Top non-repeatable levels by time:
     D:2: 1485 daAuts
     D:3: 1472 daAuts
     D:1: 874 daAuts
     D:4: 71 daAuts
